 Dungeon Crawl Stone Soup version 0.20.0-15-g7f486f2 (webtiles) character file.

51 Gargoyl the Skirmisher (level 3, -7/33 HPs)
             Began as a Draconian Abyssal Knight on June 20, 2017.
             Was a Follower of Lugonu.
             Mangled by Crazy Yiuf
             ... wielding a +3 quarterstaff of chaos
              (16 damage)
             ... on level 2 of the Dungeon.
             The game lasted 00:03:03 (2068 turns).

Gargoyl the Skirmisher (Draconian Abyssal Knight)   Turns: 2068, Time: 00:03:05

Health: -7/33      AC:  9    Str: 13 (14) XL:     3   Next: 58%
Magic:  4/4        EV: 12    Int: 11 (12) God:    Lugonu [*.....]
Gold:   129        SH:  0    Dex:  9 (11) Spells: 2/2 levels left

rFire    . . .     SeeInvis .   a - +2 hand axe
rCold    . . .     Gourm    .   (no shield)
rNeg     . . .     Faith    .   (armour unavailable)
rPois    .         Spirit   .   (helmet restricted)
rElec    .         Reflect  .   c - +0 cloak
rCorr    .         Harm     .   i - +1 pair of gloves
MR       .....                  k - +0 pair of boots
Stlth    +.........             (no amulet)
Regen    0.2/turn               (no ring)
MPRegen  0.1/turn               (no ring)

@: lethally poisoned (-7 -> -14)
A: unfitting armour, cold-blooded, AC +5
a: Depart the Abyss, Renounce Religion


You were on level 2 of the Dungeon.
You worshipped Lugonu.
Lugonu was aware of your devotion.
You were hungry.

You visited 1 branch of the dungeon, and saw 2 of its levels.
You visited the Abyss 1 time.

You collected 129 gold pieces.

Inventory:

Hand Weapons
 a - a +2 hand axe (weapon)
Armour
 c - a +0 cloak (worn)
 i - a +1 pair of gloves (worn)
 k - a +0 pair of boots (worn)
Jewellery
 r - an uncursed ring of fire {unknown}
Scrolls
 m - a scroll of magic mapping {unknown}
 p - a scroll of identify {unknown}
 q - a scroll of enchant weapon
 s - a scroll of teleportation
 t - a scroll of immolation {unknown}
Potions
 e - a potion of mutation {unknown}
 g - a potion of flight {unknown}
 h - 2 potions of degeneration
 j - a potion of curing
 n - a potion of heal wounds
Books
 o - a book of Minor Magic

   Spells                             Type                      Level
   a - Magic Dart                     Conjuration                  1
   b - Blink                          Translocation                2
   c - Call Imp                       Summoning                    2
   d - Slow                           Hexes                        2
   e - Conjure Flame                  Conjuration/Fire             3
   f - Mephitic Cloud                 Conjuration/Poison/Air       3
Comestibles
 b - 2 bread rations
 d - 4 fruits
 f - 2 meat rations
 l - a royal jelly


   Skills:
 + Level 3.8 Fighting
 + Level 2.3 Axes
 * Level 2.6 Dodging
 * Level 1.3 Stealth
 * Level 2.2 Invocations


You had 2 spell levels left.
You didn't know any spells.

Dungeon Overview and Level Annotations

Branches:
Dungeon (2/15)

Altars:

Annotations:
D:2 Crazy Yiuf


Innate Abilities, Weirdness & Mutations

Your plain brown scales are hard. (AC +5)
You cannot fit into any form of body armour.
You are cold-blooded and may be slowed by cold attacks.


Message History

Crazy Yiuf is lightly wounded.
Crazy Yiuf hits you with a quarterstaff of chaos!
You are poisoned.
You barely miss Crazy Yiuf.
Crazy Yiuf is lightly wounded.
You feel sick. Crazy Yiuf completely misses you.
You barely miss Crazy Yiuf.
Crazy Yiuf is lightly wounded.
Crazy Yiuf says, "I'm not crazy!"
Crazy Yiuf hits you but does no damage.
You closely miss Crazy Yiuf.
Crazy Yiuf is lightly wounded.
You feel sick. Crazy Yiuf barely misses you.
You hit Crazy Yiuf but do no damage.
Crazy Yiuf is lightly wounded.
You feel sick.
Crazy Yiuf hits you with a quarterstaff of chaos!
* * * LOW HITPOINT WARNING * * *
You are electrocuted!
You die...

.##.#.#
#>................
....#.#
############.#.###
#####.#
#..........#.#
......#
#.#####.)..#.#
####### #######.#
#.####.# ##
#<....#.# #.# #.#
.# #####.#.# #.#
#.# .# #g#.# #.#
#.# .# #@..#
#.####.#
.############
#...## ##.##...#
............#
#....# #..##..[#
.############
##..## #####...#
.# #.....# ♣P.PP♣
#...# .# #.....##
♣♣...♣ ###.# .#
#......# ♣♣.♣♣ #.#
.########...# ♣♣.♣
####.##
............# ♣.♣♣
#.....#


You could see Crazy Yiuf.

Vanquished Creatures
  An adder (D:2)
  An ooze (D:2)
  A worm (D:2)
  2 dart slugs (D:1)
  5 bats
  3 giant cockroaches (D:1)
  4 goblins (D:1)
  4 hobgoblins
  A frilled lizard (D:2)
  7 kobolds
  3 rats
32 creatures vanquished.

Notes
Turn   | Place    | Note
-------+----------+-------------------------------------------
     0 | Abyss:1  | Gargoyl the Draconian Abyssal Knight began the quest for the Orb.
     0 | Abyss:1  | Reached XP level 1. HP: 19/19 MP: 2/2
   102 | Abyss:1  | Noticed a wraith
   111 | Abyss:1  | Noticed a smoke demon
   113 | D:1      | Escaped the Abyss
   348 | D:1      | Reached XP level 2. HP: 26/26 MP: 3/3
   424 | D:1      | Reached skill level 1 in Stealth
   455 | D:1      | Reached * piety under Lugonu
   952 | D:1      | Reached XP level 3. HP: 29/33 MP: 4/4
  1061 | D:2      | Found a runed door.
  1886 | D:2      | Noticed Crazy Yiuf
  2068 | D:2      | Mangled by Crazy Yiuf

Skill      XL: |  1  2 |
---------------+-------+-----
Stealth        | 1 |  1.3
Fighting       | |  3.8
Axes           | |  2.3
Dodging        | |  2.6
Invocations    | |  2.2

Action                   || total
-------------------------++-------
Melee: Hand axe          ||   115
       Tailslap          ||     7
Invok: Depart the Abyss  ||     1
  Use: Scroll            ||     4
       Potion            ||     3
 Stab: Sleeping          ||     4
  Eat: Chunk             ||     3
Armor: Skin              ||    53
Dodge: Dodged            ||    91
